 Dungeon Crawl Stone Soup version 0.30-a0-377-g5cb311bc9f (webtiles) character file.

Game seed: 12988534888226815855

143 qeuew the Ducker (level 5, -1/25 HPs)
             Began as a Felid Berserker on Nov 29, 2022.
             Was a Believer of Trog.
             Killed by divine providence
             ... invoked by an orc priest
              (14 damage)
             ... on level 2 of the Dungeon.
             The game lasted 00:02:14 (1499 turns).

qeuew the Ducker (Felid Berserker)                  Turns: 1499, Time: 00:02:16

Health: -1/25      AC:  1    Str: 15    XL:     5   Next: 4%
Magic:  6/6        EV: 19    Int:  9    God:    Trog [**....]
Gold:   114        SH:  0    Dex: 15    Spells: 4/4 levels left
                                        Lives:  0   Deaths: 1

rFire   . . .      SeeInvis +      - Unarmed
rCold   . . .      Faith    .    (shield unavailable)
rNeg    + . .      Spirit   .    (body armour unavailable)
rPois   .          Reflect  .    (helmet unavailable)
rElec   .          Harm     .    (cloak unavailable)
rCorr   .          Rampage  .    (gloves unavailable)
Will    .....                    (boots unavailable)
Stlth   +.........               (no amulet)
HPRegen 0.24/turn                e - ring of positive energy
MPRegen 0.10/turn                (no ring)

@: quick
A: very small, claws 1, fangs 3, see invisible, speed 1, shaggy fur 1, stealthy
paws, no weapons or thrown items, no armour, multi-lived
a: Renounce Religion, Berserk, Trog's Hand


You were on level 2 of the Dungeon.
You worshipped Trog.
Trog was pleased with you.
You visited 1 branch of the dungeon, and saw 2 of its levels.

You collected 114 gold pieces.

Inventory:

Jewellery
 e - a ring of positive energy (left paw)
Scrolls
 b - a scroll of enchant armour {unknown}
 d - a scroll of teleportation
 g - 2 scrolls of identify
Potions
 a - 2 potions of curing {unknown}
 c - a potion of lignification {unknown}
 f - 2 potions of heal wounds
 h - a potion of brilliance {unknown}
 i - 2 potions of cancellation {unknown}


   Skills:
 + Level 4.2 Fighting
 + Level 5.6 Dodging
 * Level 5.2 Unarmed Combat


You had 4 spell levels left.
You didn't know any spells.
Your spell library was empty.

Dungeon Overview and Level Annotations

Branches:
Dungeon (2/15)

Altars:
Makhleb


Innate Abilities, Weirdness & Mutations

You have sharp claws.
You have razor-sharp teeth.
You have supernaturally acute eyesight. (SInv)
You cover ground quickly. (Speed+)
You are covered in fur. (AC +1)
Your paws help you pounce on unaware monsters.
You are incapable of wielding weapons or throwing items.
You cannot wear armour.
You gain extra lives every three experience levels.


Message History

The worm is heavily wounded.
The hobgoblin closely misses you.
You scratch the worm.
The worm is severely wounded.
The worm completely misses you. The hobgoblin hits you.
You claw the worm!
You kill the worm!
Trog accepts your kill.
You claw the hobgoblin!
You kill the hobgoblin!
Trog accepts your kill.
No target in view!
No target in view!
No target in view!
No target in view!
You see here a worm corpse.
f - 2 potions of heal wounds (gained 1)
You see here a hobgoblin corpse.
i - 2 sapphire potions You now have 84 gold pieces (gained 14).
Found a potion of degeneration.
You now have 91 gold pieces (gained 7).
You now have 106 gold pieces (gained 15).
You open the door.
There is an open door here.
You now have 114 gold pieces (gained 8).
You open the door.
There is an open door here.
An orc priest is nearby!
An orc priest is nearby!
An orc priest is nearby!
The orc priest shouts!
You hear a shout!
An orc priest comes into view. It is wielding a +0 trident.
The orc priest misses you.
The orc priest invokes the aid of Beogh against you.
Beogh smites you!
The orc priest mumbles some strange prayers to Beogh against you.
Beogh smites you!
Ouch! That really hurt!
You die...

# ###.### #.......#
#....... # #...#
#......######....... #
###.###...oo..............
# #...###.#'#######.......
# ###.###.................
# #..................... #
######
####...........####..# ###
#....# ##o..#.....[ ..#
..# #....#######@#...#####
.## ..###....#.....#.#.#.#
. ..'......'.....#.#.#.#
## ††########.....#.#.# #
#.# #.....#.# #.#
#.....#.# #.# #.....#.#
#.### #.....#.# .##.#
....# #.....#.# ##..#.##


You could see 3 orc priests.

Vanquished Creatures
  Sigmund (D:2)
  Natasha (D:2)
  Robin (D:2)
  2 worms (D:2)
  3 dart slugs (D:1)
  3 endoplasms (D:2)
  A giant cockroach (D:2)
  9 goblins
  8 hobgoblins
  2 jackals (D:2)
  3 kobolds
  2 quokkas (D:1)
  3 ball pythons
  6 bats
  2 frilled lizards
  2 rats
49 creatures vanquished.

Notes
Turn   | Place    | Note
-------+----------+-------------------------------------------
     0 | D:1      | qeuew the Felid Berserker began the quest for the Orb.
     0 | D:1      | Reached XP level 1. HP: 10/10 MP: 2/2
   105 | D:1      | Reached XP level 2. HP: 1/14 MP: 3/3
   795 | D:2      | Noticed Sigmund
   808 | D:2      | Killed Sigmund
   809 | D:2      | Reached skill level 5 in Dodging
   809 | D:2      | Reached XP level 3. HP: 10/18 MP: 4/4
   809 | D:2      | Reached XP level 4. HP: 12/22 MP: 5/5
   809 | D:2      | Reached XP level 5. HP: 14/25 MP: 6/6
   936 | D:2      | Noticed Natasha
   945 | D:2      | Killed Natasha
   946 | D:2      | Reached skill level 5 in Unarmed Combat
  1056 | D:2      | Found a burning altar of Makhleb.
  1074 | D:2      | Noticed Robin
  1086 | D:2      | Killed Robin
  1090 | D:2      | Reached ** piety under Trog
  1253 | D:2      | Identified the +7 mace "Jellyslayer" {freeze, Dex+4}
  1319 | D:2      | HP: 1/25 [orc priest/divine providence (11)]
  1320 | D:2      | Killed from afar by an orc priest
  1321 | D:2      | Reached XP level 4. HP: -11/33 MP: 5/5
  1363 | D:2      | Reached XP level 5. HP: 25/25 MP: 6/6
  1499 | D:2      | Killed from afar by an orc priest

Illustrated notes

Levels and vault maps discovered:
D:1:      roderic_crossed_star, layout_loops_ring
D:2:      layout_basic, basic_altar, uniq_robin, uniq_sigmund, uniq_natasha

Skill      XL: |  1  2  3  4  5 |
---------------+----------------+-----
Fighting       | 4 |  4.2
Dodging        | 5 |  5.6
Unarmed Combat | 4 5 |  5.2

Action                   |  1- 3 |  4- 6 || total
-------------------------+-------+-------++-------
Melee: Unarmed           |    60 |    71 ||   131
       Bite              |     5 |     3 ||     8
       Punch             |     2 |     2 ||     4
Invok: Berserk           |     2 |     2 ||     4
  Use: Scroll            |     4 |       ||     4
       Potion            |     1 |       ||     1
 Stab: Sleeping          |       |     1 ||     1
Armor: Skin              |     1 |     2 ||     3
Dodge: Dodged            |    45 |    75 ||   120

Table legend: (Time is in decaauts)
 A = Elapsed time spent in this place.
 B = Non-inter-level travel time spent in this place.
 C = Inter-level travel time spent in this place.
 D = Time resting spent in this place.
 E = Time spent auto-exploring this place.
 F = Levels seen in this place.
 G = Mean time per level.
                   A        B        C        D        E       F      G
               +--------+--------+--------+--------+--------+-----+--------+
         Total |   1298 |   1293 |      5 |      0 |   1017 |   2 |  649.0 |
       Dungeon |   1298 |   1293 |      5 |      0 |   1017 |   2 |  649.0 |
               +--------+--------+--------+--------+--------+-----+--------+

Top non-repeatable levels by time:
     D:1: 662 daAuts
     D:2: 636 daAuts
